SL
SEATTLE AVIATORS @ OAKLAND OAKS
05/07/2028
 
TOP OF THE 1ST
Seattle Aviators batting - Pitching for Oakland Oaks : RHP Matt Webber
Pitching: RHP Matt Webber
Batting: RHB Ethan Stanford 0-0: Called Strike
0-1: Ball
1-1: Called Strike
1-2: Foul Ball, location: 2F
1-2: Strikes out looking
Batting: RHB Bobby Christopher 0-0: Ball
1-0: Ball
2-0: Foul Ball, location: 2F
2-1: Foul Ball, location: 2F
2-2: Strikes out swinging
Batting: LHB Jorge Mojica 0-0: Ball
1-0: Foul Ball, location: 2F
1-1: Foul Ball, location: 2F
1-2: Strikes out swinging
Top of the 1st over - 0 run(s), 0 hit(s), 0 error(s), 0 left on base; Seattle 0 - Oakland 0
BOTTOM OF THE 1ST
Oakland Oaks batting - Pitching for Seattle Aviators : RHP Sukejuro Yokoyama
Pitching: RHP Sukejuro Yokoyama
Batting: LHB Todd Williams 0-0: Called Strike
0-1: Bunt missed!
0-2: Fly out, F5 (Popup, 5L)
Batting: LHB Edwin Church 0-0: Swinging Strike
0-1: Ball
1-1: Ball
2-1: Swinging Strike
2-2: Strikes out swinging
Batting: LHB Todd Henry 0-0: Foul Ball, location: 2F
0-1: SINGLE (Groundball, 4MD)
Batting: LHB Jorge Vargas 0-0: Ball
1-0: Called Strike
1-1: Ball
2-1: Ball
3-1: Called Strike
3-2: Foul Ball, location: 2F
3-2: Foul Ball, location: 2F
3-2: Ground out U3 (Groundball, 3L)
Bottom of the 1st over - 0 run(s), 1 hit(s), 0 error(s), 1 left on base; Seattle 0 - Oakland 0
TOP OF THE 2ND
Seattle Aviators batting - Pitching for Oakland Oaks : RHP Matt Webber
Batting: LHB Kenny Webster 0-0: Called Strike
0-1: Foul Ball, location: 2F
0-2: Foul Ball, location: 2F
0-2: Reached on error, E6 (Groundball, 6M)
Batting: LHB Dong-jin Kim 0-0: Called Strike
0-1: Fly out, F9 (Line Drive, 9)
Batting: RHB John MacGregor 0-0: Ball
1-0: Called Strike
1-1: Ball
2-1: Foul Ball, location: 2F
2-2: Ball
3-2: Strikes out swinging
Batting: RHB Jesús Rodríguez 0-0: Ball
1-0: Ball
2-0: Foul Ball, location: 2F
2-1: Swinging Strike
2-2: Foul Ball, location: 2F
2-2: Ball
3-2: Strikes out swinging
Top of the 2nd over - 0 run(s), 0 hit(s), 1 error(s), 1 left on base; Seattle 0 - Oakland 0
BOTTOM OF THE 2ND
Oakland Oaks batting - Pitching for Seattle Aviators : RHP Sukejuro Yokoyama
Batting: RHB Micah Coffey 0-0: Ball
1-0: Called Strike
1-1: Ball
2-1: Ground out 6-3 (Groundball, 6)
Batting: RHB Tetsunori Kimura 0-0: Ball
1-0: Ball
2-0: Fly out, F8 (Line Drive, 8RD)
Batting: LHB Jesús Quintanilla 0-0: Ball
1-0: Foul Ball, location: 2F
1-1: SINGLE (Groundball, 6D)
Batting: RHB Ricardo Téllez 0-0: Called Strike
0-1: Ball
Jesús Quintanilla steals 2nd base
1-1: Foul Ball, location: 2F
1-2: Strikes out swinging
Bottom of the 2nd over - 0 run(s), 1 hit(s), 0 error(s), 1 left on base; Seattle 0 - Oakland 0
TOP OF THE 3RD
Seattle Aviators batting - Pitching for Oakland Oaks : RHP Matt Webber
Batting: RHB Jay Parker 0-0: Ball
1-0: Swinging Strike
1-1: Swinging Strike
1-2: Strikes out looking
Batting: RHB Tynan Hawkins 0-0: Reached on error, E5 (Groundball, 56)
Batting: RHB Ethan Stanford 0-0: Ball
1-0: Ball
2-0: Called Strike
2-1: Called Strike
2-2: Strikes out swinging
Batting: RHB Bobby Christopher 0-0: Ball
Tynan Hawkins steals 2nd base
1-0: Ball
2-0: Ground out 6-3 (Groundball, 56D)
Top of the 3rd over - 0 run(s), 0 hit(s), 1 error(s), 1 left on base; Seattle 0 - Oakland 0
BOTTOM OF THE 3RD
Oakland Oaks batting - Pitching for Seattle Aviators : RHP Sukejuro Yokoyama
Batting: LHB Mal Wadley 0-0: Ball
1-0: Called Strike
1-1: Ground out 4-3 (Groundball, 4S)
Batting: LHB Todd Williams 0-0: Called Strike
0-1: Ball
1-1: Foul Ball, location: 2F
1-2: Strikes out swinging
Batting: LHB Edwin Church 0-0: SINGLE (Line Drive, 9LS)
Batting: LHB Todd Henry 0-0: Ball
1-0: Foul Ball, location: 2F
1-1: Foul Ball, location: 2F
1-2: Strikes out swinging
Bottom of the 3rd over - 0 run(s), 1 hit(s), 0 error(s), 1 left on base; Seattle 0 - Oakland 0
TOP OF THE 4TH
Seattle Aviators batting - Pitching for Oakland Oaks : RHP Matt Webber
Batting: LHB Jorge Mojica 0-0: Called Strike
0-1: Swinging Strike
0-2: Ball
1-2: Fly out, F4 (Popup, 4MD)
Batting: LHB Kenny Webster 0-0: Ball
1-0: Ball
2-0: Ball
3-0: Called Strike
3-1: Base on Balls
Batting: LHB Dong-jin Kim 0-0: Swinging Strike
0-1: Called Strike
0-2: Ball
1-2: Ball
2-2: Strikes out swinging
Batting: RHB John MacGregor 0-0: Called Strike
0-1: Foul Ball, location: 2F
0-2: Foul Ball, location: 2F
0-2: Foul Ball, location: 2F
0-2: Ball
1-2: Strikes out swinging
Top of the 4th over - 0 run(s), 0 hit(s), 0 error(s), 1 left on base; Seattle 0 - Oakland 0
BOTTOM OF THE 4TH
Oakland Oaks batting - Pitching for Seattle Aviators : RHP Sukejuro Yokoyama
Batting: LHB Jorge Vargas 0-0: Called Strike
0-1: Foul Ball, location: 2F
0-2: Ball
1-2: Foul Ball, location: 2F
1-2: Strikes out looking
Batting: RHB Micah Coffey 0-0: Called Strike
0-1: Foul Ball, location: 2F
0-2: Ball
1-2: Fly out, F3 (Popup, 34S)
Batting: RHB Tetsunori Kimura 0-0: Ball
1-0: Ball
2-0: Foul Ball, location: 2F
2-1: Ball
3-1: Ground out 5-3 (Groundball, 56)
Bottom of the 4th over - 0 run(s), 0 hit(s), 0 error(s), 0 left on base; Seattle 0 - Oakland 0
TOP OF THE 5TH
Seattle Aviators batting - Pitching for Oakland Oaks : RHP Matt Webber
Batting: RHB Jesús Rodríguez 0-0: Called Strike
0-1: Swinging Strike
0-2: Ball
1-2: Ball
2-2: Ball
3-2: Strikes out looking
Batting: RHB Jay Parker 0-0: Swinging Strike
0-1: Ball
1-1: Ball
2-1: Foul Ball, location: 2F
2-2: Foul Ball, location: 2F
2-2: Strikes out swinging
Batting: RHB Tynan Hawkins 0-0: Fly out, F7 (Flyball, 78S)
Top of the 5th over - 0 run(s), 0 hit(s), 0 error(s), 0 left on base; Seattle 0 - Oakland 0
BOTTOM OF THE 5TH
Oakland Oaks batting - Pitching for Seattle Aviators : RHP Sukejuro Yokoyama
Batting: LHB Jesús Quintanilla 0-0: Called Strike
0-1: Ball
1-1: Swinging Strike
1-2: Strikes out looking
Batting: RHB Ricardo Téllez 0-0: Ground out 5-3 (Groundball, 56S)
Batting: LHB Mal Wadley 0-0: Foul Ball, location: 2F
0-1: DOUBLE (Line Drive, 9LM)
Batting: LHB Todd Williams 0-0: DOUBLE (Flyball, 78D)
Mal Wadley scores
Batting: LHB Edwin Church 0-0: Foul Ball, location: 2F
0-1: Called Strike
0-2: Ground out 4-3 (Groundball, 4)
Bottom of the 5th over - 1 run(s), 2 hit(s), 0 error(s), 1 left on base; Seattle 0 - Oakland 1
TOP OF THE 6TH
Seattle Aviators batting - Pitching for Oakland Oaks : RHP Matt Webber
Batting: RHB Ethan Stanford 0-0: Ball
1-0: Called Strike
1-1: DOUBLE (Flyball, 89D)
Batting: RHB Bobby Christopher 0-0: Called Strike
0-1: Fly out, F9 (Flyball, 89S)
Batting: LHB Jorge Mojica 0-0: Called Strike
0-1: Ball
1-1: Foul Ball, location: 2F
1-2: Fly out, F9 (Flyball, 9LMF)
Batting: LHB Kenny Webster 0-0: Ball
1-0: Ball
2-0: Called Strike
2-1: Foul Ball, location: 2F
2-2: Foul Ball, location: 2F
2-2: Fly out, F7 (Flyball, 7LS)
Top of the 6th over - 0 run(s), 1 hit(s), 0 error(s), 1 left on base; Seattle 0 - Oakland 1
BOTTOM OF THE 6TH
Oakland Oaks batting - Pitching for Seattle Aviators : RHP Sukejuro Yokoyama
Batting: LHB Todd Henry 0-0: Ball
1-0: Called Strike
1-1: Ball
2-1: SINGLE (Groundball, 34D)
Batting: LHB Jorge Vargas 0-0: Foul Ball, location: 2F
0-1: Fly out, F8 (Flyball, 78D)
Batting: RHB Micah Coffey 0-0: Grounds into double play, 4-6-3 (Groundball, 4M)
Bottom of the 6th over - 0 run(s), 1 hit(s), 0 error(s), 0 left on base; Seattle 0 - Oakland 1
TOP OF THE 7TH
Seattle Aviators batting - Pitching for Oakland Oaks : RHP Matt Webber
Batting: LHB Dong-jin Kim 0-0: Foul Ball, location: 2F
0-1: Ball
1-1: Called Strike
1-2: Strikes out swinging
Pitching: RHP José Caballero
Batting: RHB John MacGregor 0-0: Foul Ball, location: 2F
0-1: Foul Ball, location: 2F
0-2: Ball
1-2: Fly out, F8 (Line Drive, 78M)
Batting: RHB Jesús Rodríguez 0-0: Ball
1-0: Called Strike
1-1: Ball
2-1: Foul Ball, location: 2F
2-2: Ball
3-2: Base on Balls
Batting: RHB Jay Parker 0-0: Ground out 1-3 (Groundball, 13S)
Top of the 7th over - 0 run(s), 0 hit(s), 0 error(s), 1 left on base; Seattle 0 - Oakland 1
BOTTOM OF THE 7TH
Oakland Oaks batting - Pitching for Seattle Aviators : RHP Sukejuro Yokoyama
Batting: RHB Tetsunori Kimura 0-0: Called Strike
0-1: Ground out U3 (Groundball, 3)
Batting: LHB Jesús Quintanilla 0-0: Called Strike
0-1: Ball
1-1: Ground out U3 (Groundball, 3S)
Batting: RHB Ricardo Téllez 0-0: Called Strike
0-1: Ball
1-1: Ground out 6-3 (Groundball, 6)
Bottom of the 7th over - 0 run(s), 0 hit(s), 0 error(s), 0 left on base; Seattle 0 - Oakland 1
TOP OF THE 8TH
Seattle Aviators batting - Pitching for Oakland Oaks : RHP José Caballero
Now in RF: Simon Yusaf Khel
Batting: RHB Tynan Hawkins 0-0: SINGLE (Groundball, 56D)
Batting: RHB Ethan Stanford 0-0: Bunted foul
0-1: Sac Bunt - play at first, batter OUT! 1-4
Tynan Hawkins to second
Batting: RHB Bobby Christopher 0-0: Ball
1-0: Ball
Balk!
Tynan Hawkins to third
2-0: Foul Ball, location: 2F
2-1: Ground out 6-3 (Groundball, 6)
Batting: LHB Jorge Mojica 0-0: Called Strike
0-1: Ball
1-1: Ball
2-1: Ball
3-1: Fly out, F7 (Flyball, 7D)
Top of the 8th over - 0 run(s), 1 hit(s), 0 error(s), 1 left on base; Seattle 0 - Oakland 1
BOTTOM OF THE 8TH
Oakland Oaks batting - Pitching for Seattle Aviators : RHP Sukejuro Yokoyama
Batting: RHB Simon Yusaf Khel 0-0: Ball
1-0: Ball
2-0: Called Strike
2-1: Ball
3-1: Called Strike
3-2: SINGLE (Groundball, 6MD)
Batting: LHB Todd Williams 0-0: Swinging Strike
0-1: Ball
1-1: Fly out, F7 (Flyball, 7S)
Pitching: RHP César Manoel
Batting: LHB Edwin Church 0-0: Ball
1-0: Ball
2-0: Called Strike
2-1: Ground out 4-3 (Groundball, 4S)
Simon Yusaf Khel to second
Batting: LHB Todd Henry 0-0: Intentional Walk
Batting: LHB Jorge Vargas 0-0: Ball
1-0: Ball
2-0: Foul Ball, location: 2F
2-1: DOUBLE (Flyball, 89XD)
Simon Yusaf Khel scores
Todd Henry to third
Batting: RHB Micah Coffey 0-0: Intentional Walk
Batting: RHB Tetsunori Kimura 0-0: Ball
1-0: Ball
2-0: Ball
3-0: Called Strike
3-1: Fly out, F9 (Flyball, 9LS)
Bottom of the 8th over - 1 run(s), 2 hit(s), 0 error(s), 3 left on base; Seattle 0 - Oakland 2
TOP OF THE 9TH
Seattle Aviators batting - Pitching for Oakland Oaks : RHP José Caballero
Pitching: RHP Gil Brown
Batting: LHB Kenny Webster 0-0: Swinging Strike
0-1: Ball
1-1: Swinging Strike
1-2: Foul Ball, location: 2F
1-2: Foul Ball, location: 2F
1-2: Ground out 3-1 (Groundball, 34)
Batting: LHB Dong-jin Kim 0-0: Called Strike
0-1: Ball
1-1: Ball
2-1: Foul Ball, location: 2F
2-2: Ball
3-2: Foul Ball, location: 2F
3-2: Base on Balls
Pinch Runner at 1st Juan Torres:
Batting: RHB John MacGregor 0-0: Fly out, F6 (Flyball, 6MD)
Batting: RHB Jesús Rodríguez 0-0: Ball
1-0: Called Strike
1-1: Foul Ball, location: 2F
1-2: Strikes out swinging
Top of the 9th over - 0 run(s), 0 hit(s), 0 error(s), 1 left on base; Seattle 0 - Oakland 2
Friday, July 7th, 2017 - OOTP Baseball 17.12 Build 75